| TOP OF THE 1ST |
|
State College Spikes batting - Pitching for Boise Hawks : RHP Ricky de la Rosa
|
|
Pitching: RHP Ricky de la Rosa
|
|
|
Batting: RHB Sam Daw
|
0-0: Ball 1-0: Ball 2-0: Ball 3-0: Base on Balls
|
|
Batting: RHB Juan Carrillo
|
0-0: Called Strike 0-1: Ball 1-1: Ball 2-1: Foul Ball, location: 2F 2-2: Strikes out swinging
|
|
Batting: RHB Nelson Salamanca
|
0-0: Ball Sam Daw steals 2nd base 1-0: Called Strike 1-1: Foul Ball, location: 2F 1-2: SINGLE (Groundball, 6MD, EV 103.1 MPH) Sam Daw to third Runner from 3rd tries for Home, throw by CF and OUT! 8-2
|
|
Batting: LHB Ken Morehead
|
0-0: Called Strike 0-1: Called Strike 0-2: Strikes out swinging
|
| Top of the 1st over - 0 runs, 1 hit, 0 errors, 1 left on base; State College 0 - Boise 0 |
| BOTTOM OF THE 1ST |
|
Boise Hawks batting - Pitching for State College Spikes : LHP Harry Osborne
|
|
Pitching: LHP Harry Osborne
|
|
|
Batting: SHB Clayton Saunders
|
0-0: Ball 1-0: Ball 2-0: Called Strike 2-1: Fly out, F8 (Flyball, 78S, EV 82.5 MPH)
|
|
Batting: RHB Ryan Ward
|
0-0: Fly out, F8 (Flyball, 8LD, EV 91.2 MPH)
|
|
Batting: RHB Andy Rayer
|
0-0: Ball 1-0: Ball 2-0: Ball 3-0: Called Strike 3-1: Called Strike 3-2: Strikes out swinging
|
| Bottom of the 1st over - 0 runs, 0 hits, 0 errors, 0 left on base; State College 0 - Boise 0 |
| TOP OF THE 2ND |
|
State College Spikes batting - Pitching for Boise Hawks : RHP Ricky de la Rosa
|
|
Batting: RHB Jonathan Winkler
|
0-0: Ball 1-0: Ball 2-0: Ball 3-0: Called Strike 3-1: Called Strike 3-2: Ground out 5-3 (Groundball, 56S, EV 70.0 MPH)
|
|
Batting: RHB Shou-feng Chang
|
0-0: Ball 1-0: Swinging Strike 1-1: Ball 2-1: Ground out 1-3 (Groundball, 13S, EV 62.5 MPH)
|
|
Batting: RHB Nick Latulippe
|
0-0: Called Strike 0-1: Ball 1-1: Ball 2-1: Swinging Strike 2-2: Strikes out looking
|
| Top of the 2nd over - 0 runs, 0 hits, 0 errors, 0 left on base; State College 0 - Boise 0 |
| BOTTOM OF THE 2ND |
|
Boise Hawks batting - Pitching for State College Spikes : LHP Harry Osborne
|
|
Batting: RHB Dan Hoffman
|
0-0: Ball 1-0: Foul Ball, location: 2F 1-1: Ball 2-1: Swinging Strike 2-2: Strikes out swinging
|
|
Batting: RHB Keith Giarratano
|
0-0: Ground out 6-3 (Groundball, 6M, EV 101.2 MPH)
|
|
Batting: LHB Jerry Santana
|
0-0: Called Strike 0-1: Ball 1-1: Ball 2-1: Called Strike 2-2: Ball 3-2: Strikes out looking
|
| Bottom of the 2nd over - 0 runs, 0 hits, 0 errors, 0 left on base; State College 0 - Boise 0 |
| TOP OF THE 3RD |
|
State College Spikes batting - Pitching for Boise Hawks : RHP Ricky de la Rosa
|
|
Batting: RHB Edgar Klockow
|
0-0: Ball 1-0: Ball 2-0: Called Strike 2-1: Ball 3-1: Foul Ball, location: 2F 3-2: SINGLE (Groundball, 6M, EV 103.8 MPH) (infield hit)
|
|
Batting: LHB Pete Mitchell
|
0-0: Swinging Strike 0-1: Ball 1-1: Ball 2-1: Ball 3-1: Called Strike 3-2: Foul Ball, location: 2F 3-2: Strikes out looking
|
|
Batting: RHB Sam Daw
|
0-0: Called Strike 0-1: Ball 1-1: Called Strike 1-2: Fielders Choice at 2nd, 4-6 (Groundball, 4M, EV 106.9 MPH)
|
|
Batting: RHB Juan Carrillo
|
0-0: Called Strike 0-1: Ball 1-1: Fielders Choice at 2nd, U6 (Groundball, 6M, EV 106.2 MPH)
|
| Top of the 3rd over - 0 runs, 1 hit, 0 errors, 1 left on base; State College 0 - Boise 0 |
| BOTTOM OF THE 3RD |
|
Boise Hawks batting - Pitching for State College Spikes : LHP Harry Osborne
|
|
Batting: RHB Bob Hayes
|
0-0: Called Strike 0-1: Ball 1-1: Ball 2-1: Ball 3-1: Called Strike 3-2: Foul Ball, location: 2F 3-2: Foul Ball, location: 2F 3-2: Ground out 6-3 (Groundball, 6, EV 91.2 MPH)
|
|
Batting: RHB Kevin McKasson
|
0-0: Called Strike 0-1: Ball 1-1: Foul Ball, location: 2F 1-2: Strikes out swinging
|
|
Batting: SHB Justin Jackson
|
0-0: Ball 1-0: Called Strike 1-1: Called Strike 1-2: Foul Ball, location: 2F 1-2: Strikes out swinging
|
| Bottom of the 3rd over - 0 runs, 0 hits, 0 errors, 0 left on base; State College 0 - Boise 0 |
| TOP OF THE 4TH |
|
State College Spikes batting - Pitching for Boise Hawks : RHP Ricky de la Rosa
|
|
Batting: RHB Nelson Salamanca
|
0-0: Ball 1-0: Fly out, F7 (Flyball, 78M, EV 79.4 MPH)
|
|
Batting: LHB Ken Morehead
|
0-0: Called Strike 0-1: Ball 1-1: Ball 2-1: Foul Ball, location: 2F 2-2: Ball 3-2: Foul Ball, location: 2F 3-2: Base on Balls
|
|
Batting: RHB Jonathan Winkler
|
0-0: Ball 1-0: Ball 2-0: Foul Ball, location: 2F 2-1: Ball 3-1: Base on Balls Ken Morehead to second
|
|
Batting: RHB Shou-feng Chang
|
0-0: Called Strike 0-1: Swinging Strike 0-2: Strikes out looking
|
|
Batting: RHB Nick Latulippe
|
0-0: Ball 1-0: Ball 2-0: Ball 3-0: Called Strike 3-1: Base on Balls Ken Morehead to third Jonathan Winkler to second
|
|
Batting: RHB Edgar Klockow
|
0-0: Ball 1-0: GRAND SLAM HOME RUN (Flyball, 7LD, EV 91.9 MPH), Distance : 335 ft
|
|
Batting: LHB Pete Mitchell
|
0-0: Ball 1-0: Called Strike 1-1: Fly out, F9 (Flyball, 89S, EV 90.0 MPH)
|
| Top of the 4th over - 4 runs, 1 hit, 0 errors, 0 left on base; State College 4 - Boise 0 |
| BOTTOM OF THE 4TH |
|
Boise Hawks batting - Pitching for State College Spikes : LHP Harry Osborne
|
|
Batting: SHB Clayton Saunders
|
0-0: Ball 1-0: Called Strike 1-1: Called Strike 1-2: Ball 2-2: Ball 3-2: Foul Ball, location: 2F 3-2: Base on Balls
|
|
Batting: RHB Ryan Ward
|
0-0: Ball Passed Ball! Clayton Saunders to second 1-0: Fly out, F8 (Flyball, 89D, EV 93.8 MPH) Runner from 2nd tags up, SAFE at 3rd, no throw by CF
|
|
Batting: RHB Andy Rayer
|
0-0: Called Strike 0-1: Ball Passed Ball! Clayton Saunders scores 1-1: Ball 2-1: Reached on error, E6 (Groundball, 6, EV 86.2 MPH)
|
|
Batting: RHB Dan Hoffman
|
0-0: Ball Wild Pitch! Andy Rayer to third 1-0: Ball Passed Ball! Andy Rayer scores 2-0: Foul Ball, location: 2F 2-1: Fly out, F8 (Flyball, 8LM, EV 96.2 MPH)
|
|
Batting: RHB Keith Giarratano
|
0-0: Called Strike 0-1: Foul Ball, location: 2F 0-2: Ball 1-2: Fly out, F8 (Flyball, 8LXD, EV 69.4 MPH)
|
| Bottom of the 4th over - 2 runs, 0 hits, 1 error, 0 left on base; State College 4 - Boise 2 |
| TOP OF THE 5TH |
|
State College Spikes batting - Pitching for Boise Hawks : RHP Ricky de la Rosa
|
|
Batting: RHB Sam Daw
|
0-0: Ball 1-0: Called Strike 1-1: Ball 2-1: Fly out, F8 (Line Drive, 8RM, EV 91.2 MPH)
|
|
Pitching: LHP Ernesto Galindo
|
|
|
Batting: RHB Juan Carrillo
|
0-0: Called Strike 0-1: Foul Ball, location: 2F 0-2: Ball 1-2: Foul Ball, location: 2F 1-2: Foul Ball, location: 2F 1-2: Foul Ball, location: 2F 1-2: Strikes out swinging
|
|
Batting: RHB Nelson Salamanca
|
0-0: Fly out, F8 (Line Drive, 8LD, EV 85.0 MPH)
|
| Top of the 5th over - 0 runs, 0 hits, 0 errors, 0 left on base; State College 4 - Boise 2 |
| BOTTOM OF THE 5TH |
|
Boise Hawks batting - Pitching for State College Spikes : LHP Harry Osborne
|
|
Batting: LHB Jerry Santana
|
0-0: Foul Ball, location: 2F 0-1: Ground out U3 (Groundball, 34, EV 81.2 MPH)
|
|
Batting: RHB Bob Hayes
|
0-0: Ball 1-0: Swinging Strike 1-1: Called Strike 1-2: Foul Ball, location: 2F 1-2: Ball 2-2: Foul Ball, location: 2F 2-2: Ball 3-2: Foul Ball, location: 2F 3-2: SINGLE (Line Drive, 3D, EV 95.6 MPH)
|
|
Batting: RHB Kevin McKasson
|
0-0: Foul Ball, location: 2F 0-1: Foul Ball, location: 2F 0-2: Ball Passed Ball! Bob Hayes to second 1-2: Ball Passed Ball! Bob Hayes to third 2-2: Strikes out swinging, 2-3 out at first.
|
|
Batting: SHB Justin Jackson
|
0-0: Ball 1-0: Reached on error, E5 (Groundball, 5L, EV 82.5 MPH) Bob Hayes scores
|
|
Batting: SHB Clayton Saunders
|
0-0: Ball 1-0: Ball 2-0: Ball 3-0: Base on Balls
|
|
Batting: RHB Ryan Ward
|
0-0: Ball Wild Pitch! Justin Jackson to third Clayton Saunders to second 1-0: Ball 2-0: Called Strike 2-1: Ball 3-1: Ground out 4-3 (Groundball, 4, EV 85.6 MPH)
|
| Bottom of the 5th over - 1 run, 1 hit, 1 error, 2 left on base; State College 4 - Boise 3 |
| TOP OF THE 6TH |
|
State College Spikes batting - Pitching for Boise Hawks : LHP Ernesto Galindo
|
|
Batting: LHB Ken Morehead
|
0-0: Called Strike 0-1: Foul Ball, location: 2F 0-2: SINGLE (Groundball, 4MD, EV 93.8 MPH)
|
|
Batting: RHB Jonathan Winkler
|
0-0: Called Strike 0-1: Swinging Strike 0-2: Ball 1-2: Ground out U3 (Groundball, 3S, EV 61.9 MPH) Ken Morehead to second
|
|
Batting: RHB Shou-feng Chang
|
0-0: SINGLE (Line Drive, 56D, EV 97.5 MPH) Ken Morehead to third
|
|
Batting: RHB Nick Latulippe
|
0-0: Swinging Strike 0-1: Swinging Strike 0-2: SINGLE (Groundball, 56D, EV 92.5 MPH) (infield hit) Ken Morehead scores Shou-feng Chang to second
|
|
Batting: RHB Edgar Klockow
|
0-0: Hit by Pitch Shou-feng Chang to third Nick Latulippe to second
|
|
Batting: LHB Pete Mitchell
|
0-0: Ball 1-0: DOUBLE (Line Drive, 89D, EV 107.5 MPH) Shou-feng Chang scores Nick Latulippe scores Edgar Klockow to third
|
|
Pitching: RHP David Landa
|
|
|
Batting: RHB Sam Daw
|
0-0: Ball 1-0: Foul Ball, location: 2F 1-1: Ball 2-1: Called Strike 2-2: Foul Ball, location: 2F 2-2: Ball 3-2: Hit by Pitch
|
|
Batting: RHB Juan Carrillo
|
0-0: Called Strike 0-1: Swinging Strike 0-2: Ball 1-2: Strikes out swinging
|
|
Batting: RHB Nelson Salamanca
|
0-0: Called Strike 0-1: Called Strike 0-2: Ball 1-2: Fly out, F5 (Line Drive, 5L, EV 65.6 MPH)
|
| Top of the 6th over - 3 runs, 4 hits, 0 errors, 3 left on base; State College 7 - Boise 3 |
| BOTTOM OF THE 6TH |
|
Boise Hawks batting - Pitching for State College Spikes : LHP Harry Osborne
|
|
Batting: RHB Andy Rayer
|
0-0: Ball 1-0: Ball 2-0: Swinging Strike 2-1: Called Strike 2-2: Fly out, F8 (Flyball, 89M, EV 83.8 MPH)
|
|
Batting: RHB Dan Hoffman
|
0-0: Hit by Pitch
|
|
Batting: RHB Keith Giarratano
|
0-0: Ball 1-0: Foul Ball, location: 2F 1-1: DOUBLE (Groundball, 5L, EV 102.5 MPH) Dan Hoffman to third Runner from 3rd tries for Home, SAFE, throw by LF to trailing runner, SAFE at third!
|
|
Batting: LHB Jerry Santana
|
0-0: Called Strike 0-1: SINGLE (Groundball, 6S, EV 64.4 MPH) (infield hit) Keith Giarratano scores
|
|
Batting: RHB Bob Hayes
|
0-0: Fly out, F4 (Flyball, 34D, EV 85.0 MPH)
|
|
Batting: RHB Kevin McKasson
|
0-0: SINGLE (Groundball, 6MD, EV 96.2 MPH) Jerry Santana to second
|
|
Batting: SHB Justin Jackson
|
0-0: Ball 1-0: Ground out 5-3 (Groundball, 56S, EV 87.5 MPH)
|
| Bottom of the 6th over - 2 runs, 3 hits, 0 errors, 2 left on base; State College 7 - Boise 5 |
| TOP OF THE 7TH |
|
State College Spikes batting - Pitching for Boise Hawks : RHP David Landa
|
|
Batting: LHB Ken Morehead
|
0-0: Called Strike 0-1: Foul Ball, location: 2F 0-2: Ball 1-2: Foul Ball, location: 2F 1-2: Ball 2-2: Ball 3-2: Foul Ball, location: 2F 3-2: Base on Balls
|
|
Batting: RHB Jonathan Winkler
|
0-0: Called Strike 0-1: Foul Ball, location: 2F 0-2: Strikes out looking
|
|
Batting: RHB Shou-feng Chang
|
0-0: Ball 1-0: Swinging Strike 1-1: Swinging Strike 1-2: Strikes out swinging
|
|
Pitching: RHP Befikadu Mthuthuzeli
|
|
|
Batting: RHB Nick Latulippe
|
0-0: Ball 1-0: Foul Ball, location: 2F 1-1: Ball 2-1: Foul Ball, location: 2F 2-2: Ball 3-2: Foul Ball, location: 2F 3-2: Strikes out looking
|
| Top of the 7th over - 0 runs, 0 hits, 0 errors, 1 left on base; State College 7 - Boise 5 |
| BOTTOM OF THE 7TH |
|
Boise Hawks batting - Pitching for State College Spikes : LHP Harry Osborne
|
|
Batting: SHB Clayton Saunders
|
0-0: Called Strike 0-1: Ball 1-1: Foul Ball, location: 2F 1-2: Ball 2-2: Foul Ball, location: 2F 2-2: Fly out, F9 (Line Drive, 89M, EV 103.1 MPH)
|
|
Batting: RHB Ryan Ward
|
0-0: Swinging Strike 0-1: Foul Ball, location: 2F 0-2: Foul Ball, location: 2F 0-2: Ball 1-2: Ground out 5-3 (Groundball, 5D, EV 102.5 MPH)
|
|
Batting: RHB Andy Rayer
|
0-0: Foul Ball, location: 2F 0-1: Foul Ball, location: 2F 0-2: Ground out 4-3 (Groundball, 34, EV 102.5 MPH)
|
| Bottom of the 7th over - 0 runs, 0 hits, 0 errors, 0 left on base; State College 7 - Boise 5 |
| TOP OF THE 8TH |
|
State College Spikes batting - Pitching for Boise Hawks : RHP Befikadu Mthuthuzeli
|
|
Batting: RHB Edgar Klockow
|
0-0: Called Strike 0-1: Ball 1-1: Foul Ball, location: 2F 1-2: Ball 2-2: Strikes out swinging
|
|
Batting: LHB Pete Mitchell
|
0-0: Called Strike 0-1: Ball 1-1: Ball 2-1: Foul Ball, location: 2F 2-2: Ball 3-2: Strikes out swinging
|
|
Batting: RHB Sam Daw
|
0-0: Ground out 1-3 (Groundball, 13S, EV 65.6 MPH)
|
| Top of the 8th over - 0 runs, 0 hits, 0 errors, 0 left on base; State College 7 - Boise 5 |
| BOTTOM OF THE 8TH |
|
Boise Hawks batting - Pitching for State College Spikes : LHP Harry Osborne
|
|
Pitching: LHP Ken Compton
|
|
|
Batting: RHB Dan Hoffman
|
0-0: SOLO HOME RUN (Flyball, 7D, EV 98.8 MPH), Distance : 356 ft
|
|
Batting: RHB Keith Giarratano
|
0-0: Ball 1-0: Called Strike 1-1: Ball 2-1: Foul Ball, location: 2F 2-2: Strikes out swinging
|
|
Pinch Hitting: RHB Bryce Hickman
|
0-0: Ball 1-0: Ball 2-0: SINGLE (Groundball, 56D, EV 96.9 MPH)
|
|
Batting: RHB Bob Hayes
|
0-0: Ball Passed Ball! Bryce Hickman to second 1-0: Called Strike 1-1: Swinging Strike 1-2: Ball 2-2: Ground out 6-3 (Groundball, 6, EV 86.2 MPH)
|
|
Batting: RHB Kevin McKasson
|
0-0: Swinging Strike 0-1: Swinging Strike 0-2: Ball 1-2: Foul Ball, location: 2F 1-2: Ball Passed Ball! Bryce Hickman to third 2-2: Strikes out swinging, 2-3 out at first.
|
| Bottom of the 8th over - 1 run, 2 hits, 0 errors, 1 left on base; State College 7 - Boise 6 |
| TOP OF THE 9TH |
|
State College Spikes batting - Pitching for Boise Hawks : RHP Befikadu Mthuthuzeli
|
|
Now in RF: Seisaburo Edagawa
|
|
|
Batting: RHB Juan Carrillo
|
0-0: Bunt for hit to 13 - play at first, batter safe!
|
|
Batting: RHB Nelson Salamanca
|
0-0: Ball Juan Carrillo is caught stealing 2nd base 2-4 1-0: Ball 2-0: Ball 3-0: Base on Balls
|
|
Batting: LHB Ken Morehead
|
0-0: Ball 1-0: Ball Wild Pitch! Nelson Salamanca to second 2-0: Called Strike 2-1: Called Strike 2-2: Foul Ball, location: 2F 2-2: Foul Ball, location: 2F 2-2: Foul Ball, location: 2F 2-2: Ball 3-2: Strikes out swinging
|
|
Batting: RHB Jonathan Winkler
|
0-0: Ball 1-0: Foul Ball, location: 2F 1-1: Foul Ball, location: 2F 1-2: Foul Ball, location: 2F 1-2: Foul Ball, location: 2F 1-2: Ball 2-2: Strikes out swinging, 2-3 out at first.
|
| Top of the 9th over - 0 runs, 1 hit, 0 errors, 1 left on base; State College 7 - Boise 6 |
| BOTTOM OF THE 9TH |
|
Boise Hawks batting - Pitching for State College Spikes : LHP Ken Compton
|
|
Pitching: LHP Steve Young
|
|
|
Batting: SHB Justin Jackson
|
0-0: Fly out, F7 (Line Drive, 78M, EV 105.0 MPH)
|
|
Batting: SHB Clayton Saunders
|
0-0: Called Strike 0-1: Called Strike 0-2: Ball 1-2: Strikes out swinging
|
|
Batting: RHB Ryan Ward
|
0-0: Called Strike 0-1: Ground out 6-3 (Groundball, 6, EV 90.0 MPH)
|
| Bottom of the 9th over - 0 runs, 0 hits, 0 errors, 0 left on base; State College 7 - Boise 6 |
|